 Dungeon Crawl Stone Soup version 0.23.2-1-ga50397a (webtiles) character file.

Game seed: 14353035649303631404

2917 Borgoz the Cruncher (level 9, -4/56 HPs)
             Began as a Gargoyle Gladiator on May 15, 2019.
             Was an Initiate of Ashenzari.
             Slain by an orc warrior
             ... wielding a +0 dire flail
              (15 damage)
             ... on level 7 of the Dungeon.
             The game lasted 00:08:38 (6168 turns).

Borgoz the Cruncher (Gargoyle Gladiator)            Turns: 6168, Time: 00:08:39

Health: -4/56      AC: 21    Str: 18    XL:     9   Next: 79%
Magic:  9/9        EV:  8    Int:  9    God:    Ashenzari [......]
Gold:   342        SH:  0    Dex: 14    Spells: 8/8 levels left

rFire    . . .     SeeInvis .   a - +1 quarterstaff
rCold    . . .     Gourm    .   (shield currently unavailable)
rNeg     + . .     Faith    .   s - +0 plate armour
rPois    ∞         Spirit   .   c - +1 helmet
rElec    +         Reflect  .   (no cloak)
rCorr    .         Harm     .   (no gloves)
MR       .....                  (no boots)
Stlth    ..........             (no amulet)
HPRegen  0.18/turn              (no ring)
MPRegen  0.11/turn              (no ring)

@: no status effects
A: negative energy resistance 1, electricity resistance, unbreathing,
petrification resistance, rot immunity, AC +6
a: Curse Item, Renounce Religion


You were on level 7 of the Dungeon.
You worshipped Ashenzari.
Ashenzari was noncommittal.
You were not hungry.

You visited 2 branches of the dungeon, and saw 8 of its levels.

You collected 364 gold pieces.
You spent 22 gold pieces at shops.

Inventory:

Hand Weapons
 a - a +1 quarterstaff (weapon)
Missiles
 d - 3 throwing nets (quivered)
Armour
 c - a +1 helmet (worn)
 s - a +0 plate armour (worn)
Wands
 l - a wand of random effects (5)
 p - a wand of disintegration (7)
Scrolls
 e - 3 scrolls of remove curse
 g - 5 scrolls of enchant armour
 k - a scroll of holy word {unknown}
 o - a scroll of teleportation
Potions
 b - 2 potions of heal wounds
 h - 3 potions of curing
 i - a potion of brilliance
 j - 2 potions of resistance
 m - a potion of haste
 r - a potion of cancellation {unknown}
Comestibles
 f - 13 rations


   Skills:
 + Level 6.8 Fighting
 * Level 9.0 Staves
 - Level 1.7 Throwing
 + Level 6.2 Armour
 + Level 5.4 Dodging


You had 8 spell levels left.
You didn't know any spells.
Your spell library was empty.

Dungeon Overview and Level Annotations

Branches:
Dungeon (7/15)             Temple (1/1) D:6

Altars:
Ashenzari
Cheibriados
Dithmenos
Elyvilon
Fedhas
Gozag
Hepliaklqana
Kikubaaqudgha
Makhleb
Nemelex Xobeh
Okawaru
Qazlal
Ru
Sif Muna
Trog
Uskayaw
Vehumet
Wu Jian
Xom
Yredelemnul
Zin
The Shining One

Shops:
D:5 *   D:6 %


Innate Abilities, Weirdness & Mutations

You are resistant to torment.
Your stone body is resilient. (AC +6)
You are immune to poison.
You resist negative energy. (rN+)
You are resistant to electric shocks. (rElec)
You can survive without breathing.
You are immune to petrification.
You are immune to rotting.


Message History

The orc hits you but does no damage.
The orc warrior hits you with a +0 dire flail.
You hit the orc warrior but do no damage.
The orc warrior is severely wounded.
The orc barely misses you.
You hit the orc warrior.
The orc warrior is severely wounded.
The orc warrior hits you with a +0 dire flail!
The orc hits you but does no damage.
You hit the orc warrior.
The orc warrior is almost dead.
A jackal comes into view.
The orc warrior hits you with a +0 dire flail!
* * * LOW HITPOINT WARNING * * *
Eat one of 2 chunks of flesh? (ye/n/q)
You eat one of the 2 chunks of flesh.
This raw flesh tastes terrible.
The jackal barks!
The orc hits you but does no damage.
The orc warrior hits you with a +0 dire flail!
You die...

##......#####
###...###... ##.##
#..# #+ #.# #..#
###.## #### #.#
#..# ##..... ..#
#.# #..# ..h..o.
#.# #.# #...
#...oo###.######.#
##..
#..Sooo@.........#
#####
#...o####.########
#.... #.#. #.#
#.### # #.# #.###
..# #.... ###
#####


You could see an orc warrior, an orc priest, an adder, 5 orcs and a jackal.

Vanquished Creatures
  The ghost of TrebMcFLY the Chopper, a novice DDFi (D:5)
  Grinder (D:6)
  Sigmund (D:3)
  Eustachio (D:4)
  A hungry ghost (D:7)
  A sky beast (D:5)
  An ice beast (D:5)
  2 black bears
  2 phantoms
  2 ogres
  2 centaurs (D:5)
  2 bullfrogs
  2 scorpions (D:4)
  3 wights (D:7)
  3 crimson imps
  A jelly (D:5)
  2 hounds
  An orc priest (D:4)
  2 orc wizards
  A bullfrog skeleton (D:5)
  Terence (D:2)
  3 iguanas
  Natasha (twice) (D:2)
  A worker ant (D:4)
  A killer bee zombie (D:6)
  A hound skeleton (D:7)
  2 worker ant zombies
  4 gnolls
  7 adders
  A shadow imp (D:5)
  An ooze (D:3)
  4 worms (D:3)
  3 dart slugs
  3 leopard geckos
  15 orcs
  2 ball pythons
  7 giant cockroaches
  2 goblins (D:1)
  8 hobgoblins
  4 kobolds
  A quokka (D:7)
  6 bats
  7 frilled lizards
  A quokka skeleton (D:4)
  5 rats
124 creatures vanquished.

Notes
Turn   | Place    | Note
-------+----------+-------------------------------------------
     0 | D:1      | Borgoz the Gargoyle Gladiator began the quest for the Orb.
     0 | D:1      | Reached XP level 1. HP: 12/12 MP: 1/1
    42 | D:1      | Reached XP level 2. HP: 10/18 MP: 2/2
   478 | D:1      | Reached skill level 1 in Armour
   661 | D:2      | Reached XP level 3. HP: 11/22 MP: 3/3
   859 | D:2      | Noticed Natasha
   859 | D:2      | Noticed Terence
   863 | D:2      | Killed Natasha
   863 | D:2      | Reached XP level 4. HP: 27/27 MP: 4/4
   883 | D:2      | Killed Terence
   883 | D:2      | Reached skill level 4 in Staves
  1097 | D:2      | Noticed Natasha
  1102 | D:2      | Killed Natasha
  1102 | D:2      | Reached XP level 5. HP: 32/32 MP: 5/5
  1803 | D:3      | Noticed Sigmund
  1828 | D:3      | Killed Sigmund
  1828 | D:3      | Reached skill level 5 in Staves
  1828 | D:3      | Reached XP level 6. HP: 38/38 MP: 6/6
  2443 | D:4      | Reached XP level 7. HP: 36/43 MP: 7/7
  2504 | D:4      | Noticed Eustachio
  2519 | D:4      | Killed Eustachio
  2570 | D:4      | Reached skill level 6 in Staves
  3525 | D:4      | Reached XP level 8. HP: 27/48 MP: 8/8
  3765 | D:5      | Entered Level 5 of the Dungeon
  3802 | D:5      | Reached skill level 5 in Fighting
  4035 | D:5      | Reached skill level 7 in Staves
  4054 | D:5      | Found Sucza's Assorted Antiques.
  4060 | D:5      | Bought a smoky puce potion for 22 gold pieces
  4193 | D:5      | Reached skill level 5 in Armour
  4285 | D:5      | Found a runed translucent door.
  4474 | D:5      | Noticed TrebMcFLY's ghost (novice DDFi)
  4493 | D:5      | Killed TrebMcFLY's ghost
  4493 | D:5      | Reached skill level 8 in Staves
  4493 | D:5      | Reached XP level 9. HP: 55/55 MP: 9/9
  4585 | D:6      | Reached skill level 5 in Dodging
  4590 | D:6      | Found a sparkling altar of Nemelex Xobeh.
  4723 | D:6      | Found a staircase to the Ecumenical Temple.
  5065 | Temple   | Entered the Ecumenical Temple
  5080 | Temple   | Became a worshipper of Ashenzari the Shackled
  5217 | D:6      | Noticed Grinder
  5244 | D:6      | Killed Grinder
  5535 | D:6      | Found Rynwiuhe's Food Shoppe.
  6155 | D:7      | Reached skill level 9 in Staves
  6168 | D:7      | Slain by an orc warrior

Skill      XL: |  1  2  3  4  5  6  7  8  9 |
---------------+----------------------------+-----
Armour         | 1 2 3 4 5 6 |  6.2
Fighting       | 3 4 6 |  6.8
Staves         | 4 5 6 8 9 |  9.0
Dodging        | 3 4 5 |  5.4
Throwing       | |  1.7

Action                   |  1- 3 |  4- 6 |  7- 9 || total
-------------------------+-------+-------+-------++-------
Melee: Quarterstaff      |    62 |   186 |   338 ||   586
Throw: Throwing net      |     1 |       |       ||     1
Evoke: Wand              |       |     6 |       ||     6
  Use: Scroll            |     6 |       |     8 ||    14
       Potion            |       |     3 |     4 ||     7
  Eat: Chunk             |       |     5 |    12 ||    17
       Ration            |       |       |     3 ||     3
Armor: Leather armour    |    26 |     6 |       ||    32
       Scale mail        |       |    73 |    79 ||   152
       Plate armour      |       |       |   116 ||   116
       Skin              |       |       |     3 ||     3
Dodge: Dodged            |    47 |   112 |   139 ||   298
